 Dungeon Crawl Stone Soup version 0.19-a0-981-gaae9137 (webtiles) character file.

33 Charly the Cudgeler (level 3, -1/23 HPs)
             Began as a Gargoyle Fighter on July 14, 2016.
             Slain by an ogre
             ... wielding a +0 giant club
              (11 damage)
             ... on level 4 of the Dungeon.
             The game lasted 00:06:09 (288 turns).

Charly the Cudgeler (Gargoyle Fighter)               Turns: 288, Time: 00:06:10

Health: -1/23      AC: 10    Str: 24    XL:     3   Next: 29%
Magic:  3/3        EV:  7    Int:  8    God:
Gold:   52         SH:  9    Dex: 10    Spells: 0 memorised, 2 levels left

rFire  . . .     SeeInvis .     a - +0 flail
rCold  . . .     Gourm    .     b - +0 scale mail
rNeg   + . .     Faith    .     c - +0 shield
rPois  ∞         Spirit   .     (no helmet)
rElec  +         Dismiss  .     (no cloak)
rCorr  .         Reflect  .     (no gloves)
SustAt .         Harm     .     (no boots)
MR     .....                    (no amulet)
Stlth  ..........               (no ring)
                                (no ring)

@: mighty, not resistant to hostile enchantments, extremely unstealthy
A: negative energy resistance 1, electricity resistance, unbreathing,
petrification resistance, rot immunity, AC +3
a: no special abilities


You were on level 4 of the Dungeon.
You were not hungry.

You visited 1 branch of the dungeon, and saw 4 of its levels.

You collected 52 gold pieces.

Inventory:

Hand Weapons
 a - a +0 flail (weapon)
Armour
 b - a +0 scale mail (worn)
 c - a +0 shield (worn)
Scrolls
 e - 2 scrolls of immolation {unknown}
 g - 2 scrolls of remove curse {unknown}
 i - a scroll of enchant weapon {unknown}
 j - a scroll of teleportation {unknown}
 k - a scroll of random uselessness {unknown}
Potions
 h - a potion of heal wounds {unknown}
 l - 2 potions of curing {unknown}
 m - a potion of mutation {unknown}
Comestibles
 f - a bread ration


   Skills:
 - Level 3.2 Fighting
 + Level 3.6 Maces & Flails
 - Level 3.2 Armour
 - Level 3.2 Shields


You had 2 spell levels left.
You didn't know any spells.

Dungeon Overview and Level Annotations

Branches:
Dungeon (4/15)
 Temple: D:4-7

Altars:

Annotations:
D:4 Menkaure


Innate Abilities, Weirdness & Mutations

You are resistant to torment.
Your stone body is resilient. (AC +3)
You are immune to poison.
You resist negative energy. (rN+)
You are resistant to electric shocks. (rElec)
You can survive without breathing.
You are immune to petrification.
You are immune to rotting.


Message History

Found a glowing white potion.
Found a stone staircase leading down.
You see here a glowing white potion.
m - a glowing white potion
There is a stone staircase leading down here.
You climb downwards.
An ogre and Menkaure come into view.
Menkaure shouts!
The ogre shouts!
Found 17 stones.
Found a stone staircase leading up.
There is a stone staircase leading up here.
You feel very mighty all of a sudden. The ogre hits you with a giant club!
Unknown command.
You hit the ogre.
The ogre is lightly wounded.
You block the ogre's attack.
You thump the ogre!
The ogre is heavily wounded.
The ogre hits you with a giant club!
You die...

## #. #.
#M #.
##.##
#..@#
#.<.O.#
#.......#
#.......#
#......(#
##.......
#.....###
.......


You could see an ogre and Menkaure.

Vanquished Creatures
  An adder (D:2)
  An ooze (D:1)
  A dart slug (D:2)
  An orc (D:3)
  A ball python (D:2)
  2 goblins (D:1)
  2 hobgoblins
  4 kobolds
  A bat (D:2)
  2 giant newts
  A rat (D:1)
17 creatures vanquished.

Notes
Turn   | Place    | Note
-------+----------+-------------------------------------------
     0 | D:1      | Charly the Gargoyle Fighter began the quest for the Orb.
     0 | D:1      | Reached XP level 1. HP: 14/14 MP: 1/1
    28 | D:1      | Reached XP level 2. HP: 19/19 MP: 2/2
    46 | D:1      | magipi: trunk?
    48 | D:1      | Charly: yup
    48 | D:1      | Charly: Im not going for crazy 20k game
    48 | D:1      | magipi: in trunk you should porobably go long blades for the riposte
    48 | D:1      | Charly: trying to find a balance betwwen winnign and decent tunrcount
    48 | D:1      | Charly: I like maxe better
    48 | D:1      | Charly: maces*
    62 | D:1      | magipi: so in fact you like axes, it was a freudian slip :D
    86 | D:1      | Charly: what does it mean ?
    86 | D:1      | Charly: I can always switch to axes yea
    86 | D:1      | Charly: thats another reason to pick maces
   181 | D:2      | Charly: so inaccurate
   208 | D:2      | magipi: and the god plan is...? chei? makh?
   208 | D:2      | Reached XP level 3. HP: 16/23 MP: 3/3
   212 | D:2      | Charly: Makh I guess
   212 | D:2      | magipi: have you tried the new guy who prefers bold play,
   212 | D:2      | magipi: ?
   212 | D:2      | Charly: there arent many option for a 15 rune speedrun
   212 | D:2      | Charly: Uksyaw?
   212 | D:2      | magipi: yeah, him
   212 | D:2      | magipi: or her
   212 | D:2      | Charly: I believe I played it once
   212 | D:2      | Charly: quite interesting
   212 | D:2      | Charly: maybe if I find a source of regen before temple Ill try him out
   212 | D:2      | Charly: as long as I get to the temple ofc ;p
   285 | D:4      | Noticed Menkaure
   285 | D:4      | Noticed an ogre
   286 | D:4      | Charly: ouch
   288 | D:4      | Slain by an ogre

Vault maps used:
D:1:      shiori_arrival_maze, kennysheep_small_spiral,
          grunt_decor_mini_mirrors, minmay_tromino_v4_a
D:3:      tgw_fedhas, first_bread, uniq_robin
D:4:      minmay_goblin_outpost, uniq_menkaure, uniq_natasha, uniq_eustachio

Skill      XL: |  1  2 |
---------------+-------+-----
Maces & Flails | 3 |  3.6
Fighting       | |  3.2
Armour         | |  3.2
Shields        | |  3.2

Action                   || total
-------------------------++-------
Melee: Flail             ||    98
  Use: Potion            ||     1
Armor: Scale mail        ||    61
Dodge: Dodged            ||    31
Block: Shield            ||    60
